 Dungeon Crawl Stone Soup version bcrawl-1.12-8-g964540c432 (webtiles) character file.

Game seed: 15406722726181492660

333 buki the Stinger (level 6, -5/48 HPs)
             Began as a Hill Orc Venom Mage on June 5, 2019.
             Slain by a gnoll
             ... wielding a +0 halberd
              (10 damage)
             ... on level 3 of the Dungeon.
             The game lasted 00:20:17 (4291 turns).

buki the Stinger (Hill Orc Venom Mage)              Turns: 4291, Time: 00:20:17

Health: -5/48      AC:  4    Str: 10 (11) XL:     6   Next: 53%
Magic:  1/9        EV: 12    Int: 17      God:
Gold:   225        SH:  0    Dex:  9 (11) Spells: 6/9 levels left

rFire    . . .     SeeInvis .   a - +1 hunting sling
rCold    . . .     Gourm    .   (no shield)
rNeg     . . .     Faith    .   j - +0 robe
rPois    .         Spirit   .   (no helmet)
rElec    .         Reflect  .   (no cloak)
rCorr    .         Harm     .   n - +0 pair of gloves
MR       .....                  p - +0 pair of boots
Stlth    ++........             (no amulet)
HPRegen  0.16/turn              (no ring)
MPRegen  0.11/turn              (no ring)

@: very slightly contaminated
A: no striking features
a: no special abilities


You were on level 3 of the Dungeon.
You were not hungry.

You visited 1 branch of the dungeon, and saw 3 of its levels.
You also visited: Sewer.

You collected 225 gold pieces.

Inventory:

Hand Weapons
 a - a +1 hunting sling (weapon)
 b - a +0 dagger
 r - a -1 mace
Missiles
 m - 205 tomahawks
 s - 288 stones (quivered)
Armour
 j - a +0 robe (worn)
 n - a +0 pair of gloves (worn)
 p - a +0 pair of boots (worn)
 v - a +0 chain mail
Jewellery
 i - an uncursed ring of fire
 o - an uncursed ring of flight {unknown}
Scrolls
 l - a scroll of amnesia {unknown}
 q - a scroll of teleportation
 u - a scroll of enchant armour
Potions
 d - a potion of haste
 e - 4 potions of might {unknown}
 f - 2 potions of magic {unknown}
 g - 2 potions of heal wounds
Comestibles
 c - 6 rations {!d}


   Skills:
 + Level 2.1 Fighting
   Level 2.1 Short Blades
   Level 2.1 Long Blades
   Level 2.1 Axes
   Level 2.1 Maces & Flails
   Level 2.1 Polearms
   Level 2.1 Staves
 + Level 2.8 Armour
 - Level 1.5 Dodging
 + Level 3.1 Stealth
   Level 2.1 Unarmed Combat
 - Level 2.0 Spellcasting
 + Level 3.2 Conjurations
 + Level 3.7 Poison Magic


You had 6 spell levels left.
You knew the following spells:

 Your Spells              Type           Power        Failure   Level  Hunger
a - Sting                 Conj/Pois      ##..         4%          1    #......
b - Poisonous Vapours     Pois/Air       #.....       14%         2    ###....

Your spell library contained the following spells:

 Spells                   Type           Power        Failure   Level  Hunger
 Ignite Poison            Fire/Tmut/Pois #.......     34%         3    ###....
 Olgreb's Toxic Radiance  Pois           ##......     38%         4    #####..
 Summon Scorpions         Summ/Pois      #.......     65%         4    #####..
 Venom Bolt               Conj/Pois      ##........   78%         5    ######.


Dungeon Overview and Level Annotations

Branches:
Dungeon (3/12)

Altars:


Message History

The stone closely misses the gnoll.
The stone closely misses the leopard gecko.
The stone hits the gnoll.
The gnoll is lightly wounded.
The gnoll looks more healthy.
The gnoll barely misses you. The frilled lizard barely misses you.
Firing (i - inventory. (/) - cycle)
s - 290 stones (quivered)
Press: ? - help, Shift-Dir - straight line, f/p - gnoll
Aim: a gnoll, wielding a +0 halberd (severely wounded)
You shoot a stone. The stone hits the frilled lizard.
You kill the frilled lizard!
The gnoll hits you from afar with a +0 halberd!
* * * LOW HITPOINT WARNING * * *
Firing (i - inventory. (/) - cycle)
s - 289 stones (quivered)
Press: ? - help, Shift-Dir - straight line, f/p - gnoll
Aim: a gnoll, wielding a +0 halberd (severely wounded)
You shoot a stone. The stone barely misses the gnoll.
The stone misses the leopard gecko.
The stone barely misses the gnoll.
The gnoll hits you from afar with a +0 halberd!
You die...

#.# #(# #.# #.#
#.# ###### #.#
.....#######.#####
............glg.@#
#.##.#############
#)##+# #.# ).# ..
..#..$# ......#
≈#...... ≈.......
#########


You could see 2 gnolls and a leopard gecko.

Vanquished Creatures
  A gnoll shaman (D:3)
  An orc wizard (D:3)
  4 gnolls
  9 adders
  An ooze (D:1)
  An adder skeleton (D:3)
  5 worms
  5 dart slugs
  4 leopard geckos
  8 orcs (D:3)
  9 ball pythons
  2 giant cockroaches
  5 goblins
  9 hobgoblins
  8 jackals
  11 kobolds
  2 quokkas (D:3)
  3 bats
  8 frilled lizards
  A leopard gecko zombie (D:3)
  4 rats
  3 plants (Sewer)
104 creatures vanquished.

Vanquished Creatures (others)
  An orc wizard (D:3)
  A plant (Sewer)
2 creatures vanquished.

Grand Total: 106 creatures vanquished

Notes
Turn   | Place    | Note
-------+----------+-------------------------------------------
     0 | D:1      | buki the Hill Orc Venom Mage began the quest for the Orb.
     0 | D:1      | Reached XP level 1. HP: 14/14 MP: 3/3
   403 | D:1      | Reached XP level 2. HP: 20/20 MP: 1/5
   564 | D:1      | Learned a level 2 spell: Poisonous Vapours
   733 | D:1      | Reached skill level 1 in Armour
   734 | D:1      | Reached XP level 3. HP: 14/27 MP: 3/6
  1417 | D:2      | Reached skill level 1 in Fighting
  1448 | D:2      | Reached XP level 4. HP: 35/35 MP: 4/7
  2276 | D:3      | Reached XP level 5. HP: 40/40 MP: 6/8
  2537 | D:3      | Found a glowing drain.
  2643 | Sewer    | Entered a sewer
  2901 | Sewer    | Reached XP level 6. HP: 43/48 MP: 1/9
  4291 | D:3      | Slain by a gnoll

Skill      XL: |  1  2  3  4  5  6 |
---------------+-------------------+-----
Stealth        | 2 3 |  3.1
Armour         | 1 2 |  2.8
Poison Magic   | 3 |  3.7
Fighting       | 1 2 |  2.1
Conjurations   | 2 3 |  3.2
Short Blades   | |  2.1
Long Blades    | |  2.1
Axes           | |  2.1
Maces & Flails | |  2.1
Polearms       | |  2.1
Staves         | |  2.1
Dodging        | |  1.5
Unarmed Combat | |  2.1
Spellcasting   | |  2.0

Action                   |  1- 3 |  4- 6 || total
-------------------------+-------+-------++-------
Melee: Unarmed           |     5 |       ||     5
       Dagger            |    31 |    16 ||    47
       Mace              |       |   185 ||   185
       Hunting sling     |       |     1 ||     1
       Punch             |       |     1 ||     1
 Fire: Hunting sling     |    12 |    99 ||   111
 Cast: Sting             |    33 |   102 ||   135
       Poisonous Vapours |       |    13 ||    13
  Use: Scroll            |       |     6 ||     6
       Potion            |       |     5 ||     5
 Stab: Sleeping          |       |     1 ||     1
  Eat: Chunk             |     2 |    13 ||    15
Armor: Robe              |     7 |    28 ||    35
Dodge: Dodged            |    21 |    99 ||   120
